 Dungeon Crawl Stone Soup version 0.31-a0-217-g58bb5d79cf (webtiles) character file.

Game seed: 1894150065001064836

112 qw the Shooter (level 4, -6/26 HPs)
             Began as a Gargoyle Hexslinger on July 2, 2023.
             Mangled by a gnoll
             ... wielding a +0 halberd
              (11 damage)
             ... on level 4 of the Dungeon.
             The game lasted 00:00:53 (1811 turns).

qw the Shooter (Gargoyle Hexslinger)                Turns: 1811, Time: 00:00:54

Health: -6/26      AC: 11    Str: 11    XL:     4   Next: 95%
Magic:  5/5        EV:  7    Int: 14    God:
Gold:   159        SH:  0    Dex: 14    Spells: 4/5 levels left

rFire   . . .        Y - +1 sling
rCold   . . .        (no shield)
rNeg    + . .        c - +0 ring mail
rPois   inf          a - +2 helmet
rElec   +            (no cloak)
rCorr   .            (no gloves)
SInv    .            (no boots)
Will    .....        (no amulet)
Stlth   +            (no ring)
HPRegen 0.24/turn    (no ring)
MPRegen 0.09/turn

%: no passive effects
@: constricted
A: sickness immunity, AC +3, negative energy resistance 1, electricity
resistance, torment resistance 1, petrification resistance
a: no special abilities


You were on level 4 of the Dungeon.
You visited 2 branches of the dungeon, and saw 5 of its levels.

You collected 159 gold pieces.


Innate Abilities, Weirdness & Mutations

You are immune to sickness and miasma.
Your stone body is resilient. (AC +3)
You are immune to poison.
You resist negative energy. (rN+)
You are resistant to electric shocks. (rElec)
You are resistant to unholy torment.
You are immune to petrification.


   Skills:
 - Level 2.0 Fighting
 + Level 4.4 Ranged Weapons
 - Level 1.0 Armour
 - Level 1.5 Dodging
 - Level 1.0 Spellcasting
 - Level 2.6 Hexes


You had 4 spell levels left.
You knew the following spells:

 Your Spells              Type           Power      Damage    Failure   Level
a - Slow                  Hex            32%        N/A       21%         1

Your spell library contained the following spells:

 Spells                   Type           Power      Damage    Failure   Level
 Inner Flame              Hex/Fire       4%         N/A       71%         3
 Portal Projectile        Hex/Tloc       8%         N/A       71%         3
 Cause Fear               Hex            4%         N/A       90%         4

Inventory:

Hand Weapons
 Y - a +1 sling (weapon)
Armour
 a - a +2 helmet (worn)
 c - a +0 ring mail (worn)
Scrolls
 g - a scroll of identify
Potions
 b - a potion of ambrosia {unknown}
 d - a potion of degeneration {unknown}
 e - a potion of brilliance {unknown}
 f - 3 potions of curing
 h - a potion of attraction {unknown}
 j - a potion of might {unknown}
 k - a potion of enlightenment {unknown}

Dungeon Overview and Level Annotations

Branches:
Dungeon (4/15)             Temple (1/1) D:4

Altars:
Ashenzari
Dithmenos
Elyvilon
Gozag
Hepliaklqana
Kikubaaqudgha
Ru
Sif Muna
Trog
Uskayaw
Vehumet
Wu Jian
Zin

Shops:
D:4 [


Message History

The sling bullet barely misses the gnoll.
The gnoll shouts!
You hear an angry hiss.
A ball python comes into view.
You shoot a sling bullet. The ball python hisses angrily.
The sling bullet hits the gnoll.
The gnoll is moderately wounded.
You shoot a sling bullet. The sling bullet hits the gnoll.
The gnoll is heavily wounded.
An orc comes into view. It is wielding a +0 short sword.
You shoot a sling bullet.
The sling bullet hits the gnoll but does no damage.
The gnoll is heavily wounded.
The gnoll hits you but does no damage. x2
You shoot a sling bullet.
The sling bullet hits the gnoll but does no damage.
The gnoll is moderately wounded.
The gnoll hits you with a +0 flail!
The gnoll hits you from afar with a +0 halberd.
You shoot a sling bullet.
The sling bullet closely misses the gnoll.
The sling bullet hits the gnoll but does no damage.
The gnoll barely misses you.
You shoot a sling bullet.
The sling bullet barely misses the gnoll.
The gnoll hits you but does no damage. The gnoll hits you with a +0 flail.
The gnoll hits you but does no damage. The ball python closely misses you. x2
The gnoll hits you with a +0 flail. The gnoll hits you but does no damage.
The gnoll closely misses you. The gnoll hits you with a +0 flail.
You shoot a sling bullet.
The sling bullet completely misses the gnoll.
The ball python bites you but does no damage.
The ball python barely misses you.
The ball python bites you but does no damage.
The ball python grabs you. The ball python constricts you.
The gnoll barely misses you. The gnoll hits you with a +0 flail.
The orc hits you but does no damage. The gnoll hits you but does no damage.
The gnoll hits you from afar with a +0 halberd!
You die...

# ...... . .8.8 # #.
..\. #.#.##8.8
........### ###
#.#....g..#
######.###.#...Sgo.#
......#.##.....g@g.#
[..........###.....#
.8.8.8.###.###>....#
..}.}....#...)....##
.8.>.8...#.####...#
..}.}......# #...#
.8.8.8.#.### #...#
.......#<# #...#
.##..#.#.. ....#


You could see 4 gnolls, an orc and a ball python.

Vanquished Creatures
  A hound (D:4)
  2 adders (D:3)
  2 dart slugs (D:1)
  2 orcs (D:4)
  4 ball pythons
  6 endoplasms
  2 giant cockroaches
  7 goblins
  7 hobgoblins
  5 quokkas
  6 bats
  A frilled lizard (D:2)
  7 kobolds
  4 rats
56 creatures vanquished.

Notes
Turn   | Place    | Note
-------+----------+-------------------------------------------
     0 | D:1      | qw the Gargoyle Hexslinger began the quest for the Orb.
     0 | D:1      | Reached XP level 1. HP: 12/12 MP: 2/2
     0 | D:1      | 0 ||| qw: Version: 0.3-a-40-ge99b1a8
     0 | D:1      | 0 ||| qw: Game counter: 213
     0 | D:1      | 0 ||| qw: Melee chars always use a shield: true
     0 | D:1      | 0 ||| qw: God list: Okawaru
     0 | D:1      | 0 ||| qw: Allow faded altars: false
     0 | D:1      | 0 ||| qw: Do Orc after clearing Dungeon:15 true
     0 | D:1      | 0 ||| qw: Do second Lair branch before Depths: true
     0 | D:1      | 0 ||| qw: Lair rune preference: random
     0 | D:1      | 0 ||| qw: Goals: Normal
     0 | D:1      | 0 ||| PLANNING D:1-11
    76 | D:1      | Reached XP level 2. HP: 16/16 MP: 3/3
   151 | D:1      | Reached skill level 3 in Ranged Weapons
   271 | D:1      | Reached XP level 3. HP: 9/21 MP: 4/4
   593 | D:1      | 593 ||| UPGRADING to +0 leather armour.
   603 | D:1      | 603 ||| DROPPING +0 robe.
   604 | D:1      | 604 ||| READING scroll labelled MOFFEKHLANI.
   605 | D:1      | 605 ||| READING 2 scrolls labelled TEPALO QAENE.
   606 | D:1      | 606 ||| DROPPING scroll of poison.
  1102 | D:2      | 1102 ||| UPGRADING to +2 helmet.
  1107 | D:2      | 1107 ||| UPGRADING to +0 ring mail.
  1117 | D:2      | 1117 ||| DROPPING +0 leather armour.
  1118 | D:2      | 1118 ||| READING scroll labelled QAEDEU RYDGHIAST.
  1122 | D:2      | 1122 ||| READING scroll labelled XEPLUST RITU.
  1225 | D:3      | Reached skill level 1 in Armour
  1225 | D:3      | Reached XP level 4. HP: 26/26 MP: 5/5
  1520 | D:3      | 1520 ||| READING scroll labelled FANAOR KAUNK.
  1521 | D:3      | 1521 ||| READING scroll labelled COEMAY QOURGHA.
  1522 | D:3      | 1522 ||| DRINKING 3 green potions.
  1546 | D:4      | Found a staircase to the Ecumenical Temple.
  1547 | D:4      | 1547 ||| PLANNING TEMPLE
  1564 | Temple   | Entered the Ecumenical Temple
  1604 | Temple   | 1604 ||| PLANNING D:1-11
  1624 | D:4      | Reached skill level 4 in Ranged Weapons
  1801 | D:4      | Found Gaitafi's Armour Boutique.
  1811 | D:4      | HP: 5/26 [gnoll/+0 flail (3)]
  1811 | D:4      | Mangled by a gnoll

Levels and vault maps discovered:
D:1:      amcnicky_arrival_abandoned_market, layout_rooms
D:2:      layout_basic
D:3:      layout_rooms
D:4:      layout_loops_cross, minmay_temple_entry_statues_fountains,
          serial_shops, nicolae_shop_back_alley_shop, nicolae_shop_trees, shop,
          nicolae_shop_tiny_statue_garden, kennysheep_generic_room_15
Temple:   nicolae_temple_god_jail

Skill      XL: |  1  2  3  4 |
---------------+-------------+-----
Ranged Weapons | 3 4 |  4.4
Fighting       | 2 |  2.0
Armour         | 1 |  1.0
Dodging        | |  1.5
Spellcasting   | |  1.0
Hexes          | |  2.6

Action                     |  1- 3 |  4- 6 || total
---------------------------+-------+-------++-------
   Fire: Sling             |   146 |    56 ||   202
    Use: Scroll            |     4 |     2 ||     6
         Potion            |       |     1 ||     1
 Armour: Robe              |    20 |       ||    20
         Leather armour    |     9 |       ||     9
         Ring mail         |     5 |    26 ||    31
  Dodge: Dodged            |    50 |    20 ||    70

Table legend:
 A = Non-vault XP
 B = Vault XP
 C = Vault XP percentage of total XP
 D = Non-vault monster count
 E = Vault monster count
 F = Vault count percentage of total count
                 A         B        C        D         E       F
            +---------+---------+-------+---------+---------+-------
      Total |     161 |       0 |   0.0 |      56 |       0 |   0.0
            +---------+---------+-------+---------+---------+-------
        D:1 |      49 |       0 |   0.0 |      26 |       0 |   0.0
        D:2 |      22 |       0 |   0.0 |      14 |       0 |   0.0
        D:3 |      37 |       0 |   0.0 |       9 |       0 |   0.0
        D:4 |      53 |       0 |   0.0 |       7 |       0 |   0.0
            +---------+---------+-------+---------+---------+-------
